Map: Frostline LE

Players

Kaxolix - Winner!

  • Race: Terran Terran
  • Spawn Location: 1:00

A.I. 1 (Elite)

  • Race: Zerg Zerg
  • Spawn Location: 7:00

VOD

Have the link to the VOD?

Description

Time

  • Played on: Jan. 22, 2025, 7:31 p.m.
  • Length: 8:29
Show
View Real Time Build Order
Export as new Build Order

Kaxolix Terran - Winner!

Build Orders: Reaper Expand 

Get SALT Encoding   

  12  0:00  SCV  
  13  0:12  SCV  
  14  0:18  Supply Depot  
  14  0:24  SCV  
  15  0:39  SCV  
  15  0:40  Barracks  
  16  0:45  Refinery  
  16  0:51  SCV  
  17  1:03  SCV  
  18  1:15  SCV  
  19  1:28  Reaper, Orbital Command  
  20  1:40  Command Center  
  20  1:48  Supply Depot  
  20  1:54  SCV  
  21  2:01  Marine  
  21  2:05  Factory  
  22  2:20  Barracks  
  22  2:25  SCV  
  22  2:28  Barracks Reactor, Refinery  
  22  2:37  SCV  
  23  2:48  Barracks  
  23  2:49  SCV  
  24  3:01  SCV  
  24  3:16  Marine  
  25  3:21  Hellion x2  
  29  3:34  Marine  
  30  3:41  Marine x2  
  32  4:03  Hellion x2  
  32  4:06  Barracks Tech Lab, Barracks Reactor x2  
  36  4:17  SCV x2  
  38  4:26  Starport  
  38  4:27  Starport  
  38  4:29  SCV x2  
  38  4:30  Barracks  
  40  4:31  Barracks  
  40  4:32  Engineering Bay  
  40  4:33  Engineering Bay  
  40  4:36  Stimpack  
  40  4:43  Hellion  
  44  4:46  Hellion  
  44  4:50  SCV  
  45  5:02  Orbital Command  
  45  5:03  SCV  
  46  5:10  Terran Infantry Weapons Level 1  
  46  5:14  Terran Infantry Armor Level 1  
  46  5:15  SCV  
  41  5:37  Hellion x2  
  41  5:38  Barracks Reactor x2, Marine  
  46  5:43  Supply Depot  
  46  5:45  Supply Depot  
  46  5:52  Marine x4  
  46  5:53  Refinery  
  46  5:54  Refinery  
  46  5:56  SCV  
  51  5:58  SCV  
  51  6:01  Starport Reactor x2  
  52  6:11  SCV x2  
  54  6:23  SCV x2  
  56  6:32  Sensor Tower  
  56  6:39  SCV  
  58  6:40  SCV  
  58  6:44  Sensor Tower  
  58  6:45  Marine x5  
  63  6:47  Command Center, Sensor Tower  
  63  6:48  Medivac  
  63  6:51  Medivac  
  65  7:29  Marine  
  66  7:30  Marine x4  
  70  7:38  Marine x4  
  70  7:39  Hellion x2  
  78  7:47  Marine  
  78  7:48  Marine  
  78  8:02  Marine x5  
  78  8:03  Marine x2  
  78  8:04  Hellion x2  
  78  8:05  Marine x2  
Show
View Real Time Build Order
Export as new Build Order

A.I. 1 (Elite) Zerg 

Build Orders: Pool First, Zergling Baneling 

Get SALT Encoding   

  12  0:00  Drone  
  13  0:08  Drone  
  14  0:17  Overlord  
  14  0:34  Spawning Pool  
  13  0:35  Drone  
  13  0:41  Extractor  
  13  0:42  Drone  
  14  0:47  Drone  
  15  1:22  Zergling x6, Queen  
  20  1:47  Hatchery  
  20  1:53  Drone  
  20  1:59  Zergling x2  
  21  2:05  Zergling x2  
  22  2:18  Overlord  
  22  2:36  Zergling x8  
  26  2:40  Zergling x2  
  27  2:46  Zergling x2  
  28  2:57  Zergling x2  
  28  2:58  Metabolic Boost  
  29  3:13  Baneling Nest  
  29  3:17  Drone  
  29  3:40  Overlord  
  28  3:45  Extractor  
  28  3:47  Drone  
  24  3:51  Zergling x2  
  24  3:55  Zergling x2  
  21  3:57  Baneling  
  21  3:58  Baneling x2  
  21  4:00  Zergling x2  
  22  4:05  Zergling x2  
  22  4:08  Baneling  
  22  4:09  Zergling x2  
  24  4:14  Zergling x2  
  24  4:16  Baneling x2  
  25  4:19  Baneling x2, Zergling x2  
  25  4:24  Zergling x2  
  27  4:28  Zergling x2  
  28  4:33  Zergling x2  
  28  4:37  Zergling x2  
  30  4:42  Drone  
  31  4:57  Roach Warren  
  31  5:07  Drone  
  31  5:11  Drone  
  32  5:15  Drone  
  32  5:19  Drone  
  33  5:25  Drone  
  32  5:29  Drone  
  32  5:33  Drone  
  34  5:38  Roach  
  34  5:40  Roach  
  38  5:47  Overlord  
  38  5:54  Roach  
  40  5:58  Roach  
  40  6:03  Roach  
  44  6:08  Roach  
  46  6:14  Overlord  
  46  6:25  Lair  
  47  6:40  Drone  
  47  6:43  Drone  
  47  6:46  Drone  
  49  6:49  Drone  
  49  6:53  Drone  
  51  6:56  Drone  
  51  6:59  Drone  
  51  7:02  Drone  
  51  7:05  Drone  
  51  7:07  Drone  
  51  7:09  Drone  
  51  7:13  Zergling x2  
  51  7:15  Drone  
  52  7:17  Zergling x2  
  52  7:20  Drone  
  52  7:22  Drone  
  52  7:26  Overlord  
  52  7:28  Hydralisk Den  
  51  7:32  Drone  
  51  7:33  Overseer  
  51  7:34  Drone  
  53  7:43  Drone  
  54  7:45  Drone  
  54  7:46  Infestation Pit, Drone  
  54  7:48  Drone  
  54  7:50  Drone  
  57  7:55  Overlord, Zergling x2  
  45  8:05  Zergling x2  
  45  8:06  Roach  
  45  8:10  Overlord  
  46  8:17  Drone  
Tags
 
Add a new tag
Caveats
  • Supply blocks, unpowered buildings, or Contaminate may cause inaccurate times.
  • Supply counts are checked every 10 seconds.